 Dungeon Crawl Stone Soup version 0.22-a0-422-g9628fc8 (webtiles) character file.

200 raistware the Magician (level 5, 0/35 HPs)
             Began as a Mummy Wizard on May 16, 2018.
             Slain by a water moccasin (2 damage)
             ... on level 4 of the Dungeon on May 17, 2018.
             The game lasted 00:13:17 (3503 turns).

raistware the Magician (Mummy Wizard)               Turns: 3503, Time: 00:13:18

Health: 0/35       AC:  3    Str: 10    XL:     5   Next: 48%
Magic:  1/12       EV: 10    Int: 19    God:
Gold:   208        SH:  0    Dex: 10    Spells: 1/14 levels left

rFire    x . .     SeeInvis .   s - +1 spear (freeze)
rCold    + . .     Gourm    .   (no shield)
rNeg     + + +     Faith    .   a - +0 robe
rPois    ∞         Spirit   .   b - +0 hat
rElec    .         Reflect  .   (no cloak)
rCorr    .         Harm     .   i - +0 pair of gloves
MR       .....                  (no boots)
Stlth    ++........             (no amulet)
HPRegen  0.11/turn              h - -2 ring of evasion (curse)
MPRegen  0.13/turn              (no ring)

@: no status effects
A: no food or potions, fire vulnerability, cold resistance 1, negative energy
resistance 3, torment resistance, unbreathing
a: no special abilities


You were on level 4 of the Dungeon.
You were not hungry.

You visited 1 branch of the dungeon, and saw 4 of its levels.

You collected 208 gold pieces.

Inventory:

Hand Weapons
 c - a +0 hand axe
 o - a +0 blowgun
 s - a +1 spear of freezing (weapon)
Missiles
 n - 12 poisoned needles
Armour
 a - a +0 robe (worn)
 b - a +0 hat (worn)
 i - a +0 pair of gloves (worn)
Jewellery
 h - a cursed -2 ring of evasion (left hand)
Wands
 j - a wand of paralysis (12)
 p - a wand of polymorph (21)
Scrolls
 d - a scroll of enchant armour {unknown}
 e - a scroll of amnesia {unknown}
 f - 2 scrolls of identify {unknown}
 g - 2 scrolls of fog {unknown}
 k - 3 scrolls of remove curse {unknown}
 l - 2 scrolls of blinking {unknown}
 m - a scroll of magic mapping {unknown}
 q - a scroll of immolation {unknown}
 r - 2 scrolls of enchant weapon {unknown}


   Skills:
 - Level 1.5 Dodging
 - Level 1.5 Stealth
 - Level 5.2 Spellcasting
 * Level 3.7 Conjurations
 + Level 0.1 Hexes
 + Level 0.8 Summonings
 + Level 0.8 Translocations
 + Level 0.1 Fire Magic
 + Level 0.2 Ice Magic


You had one spell level left.
You knew the following spells:

 Your Spells              Type           Power        Failure   Level  Hunger
a - Magic Dart            Conj           ###.         2%          1    N/A
b - Blink                 Tloc           N/A          13%         2    N/A
c - Call Imp              Summ           #.......     13%         2    N/A
d - Conjure Flame         Conj/Fire      ##......     17%         3    N/A
e - Mephitic Cloud        Conj/Pois/Air  #.......     22%         3    N/A
f - Ensorcelled Hibernat  Hex/Ice        #.....       17%         2    N/A

Your spell library contained the following spells:

 Spells                   Type           Power        Failure   Level  Hunger
 Slow                     Hex            #.......     17%         2    N/A
 Confuse                  Hex            #.......     34%         3    N/A
 Tukima's Dance           Hex            #.......     34%         3    N/A
 Corona                   Hex            #......      12%         1    N/A
 Dazzling Spray           Conj/Hex       ##....       16%         3    N/A

Dungeon Overview and Level Annotations

Branches:
Dungeon (4/15)
 Temple: D:4-7

Altars:
Ashenzari
Cheibriados
Dithmenos
Gozag
Kikubaaqudgha
Xom
Yredelemnul
The Shining One

Shops:
D:3 *


Innate Abilities, Weirdness & Mutations

You do not eat or drink.
Your flesh is vulnerable to fire.
You are immune to poison.
Your flesh is cold resistant. (rC+)
You are immune to negative energy. (rN+++)
You are immune to unholy pain and torment.
You can survive without breathing.


Message History

You don't have enough magic to cast that spell.
The water moccasin bites you.
* * * LOW HITPOINT WARNING * * *
Casting: Magic Dart (safe; 2% risk of failure)
Confirm with . or Enter, or press ? or * to list all spells.
Okay, then.
Okay, then.
Evoke which item? (* to show all) (? for menu, Esc to quit)
Aiming: Paralyse
Press: ? - help, Shift-Dir - straight line, f/p - water moccasin
Aim: a water moccasin (severely wounded, chance to defeat MR: 46%)
The water moccasin resists with some effort.
The water moccasin closely misses you.
Evoke which item? (* to show all) (? for menu, Esc to quit)
Aiming: Paralyse
Press: ? - help, Shift-Dir - straight line, f/p - water moccasin
Aim: a water moccasin (severely wounded, chance to defeat MR: 46%)
The water moccasin resists with some effort.
The water moccasin bites you.
You die...

.#.# .# .#.. . .### ###.
.# ... .# ..# .# # #.#
.###.# .# #.# .##.. ..
##S#### .##(.# #. #.@...#
.##.#.###. ###.###.# .##.#
... #...# #.# .##.###.#
#.#.###.#
.#...##.#####.#.....#.###
......................._..
##...#############.....###
##.### #.###.# #<..# #.#
.#


You could see a water moccasin.

Vanquished Creatures
  A howler monkey (D:3)
  A worker ant (D:4)
  3 gnolls (D:2)
  5 adders
  A shadow imp (D:3)
  A worm (D:3)
  An orc (D:3)
  6 bats
  6 giant cockroaches
  4 goblins
  4 hobgoblins
  3 jackals (D:2)
  A quokka (D:2)
  5 frilled lizards
  2 kobolds
  10 rats
  A spectral orc (D:3)
55 creatures vanquished.

Vanquished Creatures (collateral kills)
  A gnoll (D:2)
  A goblin (D:2)
  A frilled lizard (D:2)
3 creatures vanquished.

Vanquished Creatures (others)
  A goblin (D:2)
1 creature vanquished.

Grand Total: 59 creatures vanquished

Notes
Turn   | Place    | Note
-------+----------+-------------------------------------------
     0 | D:1      | raistware the Mummy Wizard began the quest for the Orb.
     0 | D:1      | Reached XP level 1. HP: 13/13 MP: 5/5
    13 | D:1      | Reached skill level 1 in Conjurations
   398 | D:1      | Reached XP level 2. HP: 19/19 MP: 5/7
   402 | D:1      | Learned a level 2 spell: Blink
   405 | D:1      | Learned a level 2 spell: Call Imp
   868 | D:2      | Found an ancient bone altar of Kikubaaqudgha.
   870 | D:2      | Found a shimmering altar of Xom.
   870 | D:2      | Found a glowing silver altar of Zin.
   872 | D:2      | Found a snail-covered altar of Cheibriados.
   872 | D:2      | Found a shadowy altar of Dithmenos.
   872 | D:2      | Found a glowing golden altar of the Shining One.
   971 | D:2      | Reached XP level 3. HP: 4/24 MP: 0/8
  1883 | D:2      | Reached XP level 4. HP: 12/30 MP: 3/10
  2063 | D:1      | Learned a level 3 spell: Conjure Flame
  2067 | D:1      | Learned a level 3 spell: Mephitic Cloud
  2454 | D:3      | Found an opulent altar of Gozag.
  2516 | D:3      | Reached skill level 5 in Spellcasting
  2552 | D:3      | Found Gozag's Platinum Reserve.
  2606 | D:3      | Found a basalt altar of Yredelemnul.
  2627 | D:3      | Reached XP level 5. HP: 32/35 MP: 7/12
  3023 | D:3      | Learned a level 2 spell: Ensorcelled Hibernation
  3389 | D:4      | Noticed a slave
  3389 | D:4      | Noticed a slave
  3477 | D:4      | Found a shattered altar of Ashenzari.
  3486 | D:4      | Noticed a water moccasin
  3503 | D:4      | Slain by a water moccasin

Vault maps used:
D:1:      ncdulo_lavacross
D:2:      doesnt_xom_only_xom, lemuel_flame_loot_1
D:3:      yredelemnul_forgotten_temple_becter, nicolae_gozag_zags_fifth_avenue
D:4:      overflow_temple_1_default, uniq_pikel, uniq_blork_the_orc

Skill      XL: |  1  2  3  4 |
---------------+-------------+-----
Conjurations   | 1 2 3 |  3.7
Spellcasting   | 5 |  5.2
Dodging        | |  1.5
Stealth        | |  1.5
Hexes          | |  0.1
Summonings     | |  0.8
Translocations | |  0.8
Fire Magic     | |  0.1
Ice Magic      | |  0.2

Action                   |  1- 3 |  4- 6 || total
-------------------------+-------+-------++-------
Melee: Hand axe          |    14 |     4 ||    18
       Spear             |       |     2 ||     2
 Cast: Magic Dart        |    79 |    82 ||   161
       Call Imp          |     2 |       ||     2
       Conjure Flame     |       |     1 ||     1
       Ensorcelled Hiber |       |     1 ||     1
Evoke: Wand              |       |     2 ||     2
 Stab: Sleeping          |     1 |     1 ||     2
Armor: Robe              |     3 |     7 ||    10
Dodge: Dodged            |    25 |    15 ||    40

Table legend:
 A = Spawn XP
 B = Non-spawn XP
 C = Spawn XP percentage of total XP
 D = Spawn monster count
 E = Non-spawn monster count
 F = Spawn count percentage of total count
 G = Total turns spent on level
                    A         B        C        D         E        F      G
               +---------+---------+-------+---------+---------+-------+---------
         Total |       0 |     286 |   0.0 |       0 |      58 |   0.0 |  3503
               +---------+---------+-------+---------+---------+-------+---------
           D:1 |       0 |      12 |   0.0 |       0 |       8 |   0.0 |   702
           D:2 |       0 |     106 |   0.0 |       0 |      26 |   0.0 |  1656
           D:3 |       0 |     120 |   0.0 |       0 |      21 |   0.0 |   829
           D:4 |       0 |      48 |   0.0 |       0 |       3 |   0.0 |   316
               +---------+---------+-------+---------+---------+-------+---------
